 Dungeon Crawl Stone Soup version 0.28-a0-8-g6e044cfa68 (webtiles) character file.

Game seed: 14949829357979369762

110 Sweetruy1997 the Chopper (level 4, -3/40 HPs)
             Began as a Hill Orc Monk on July 24, 2021.
             Killed from afar by Natasha (6 damage)
             ... with a magic dart
             ... on level 3 of the Dungeon.
             The game lasted 00:05:48 (1679 turns).

Sweetruy1997 the Chopper (Hill Orc Monk)            Turns: 1679, Time: 00:05:49

Health: -3/40      AC:  5    Str: 14    XL:     4   Next: 91%
Magic:  3/4        EV: 12    Int: 10    God:
Gold:   102        SH:  0    Dex: 13    Spells: 2/3 levels left

rFire   . . .      SeeInvis .   a - +0 hand axe
rCold   . . .      Faith    .   (no shield)
rNeg    . . .      Spirit   .   d - +0 leather armour
rPois   +          Reflect  .   (no helmet)
rElec   .          Harm     .   b - +0 cloak {rCorr}
rCorr   +          Rampage  .   (no gloves)
Will    .....      Clarity  +   g - +0 pair of boots
Stlth   ++........              (no amulet)
HPRegen 0.13/turn               (no ring)
MPRegen 0.09/turn               (no ring)

@: about to teleport
A: clarity, poison resistance
a: no special abilities


You were on level 3 of the Dungeon.
You visited 1 branch of the dungeon, and saw 3 of its levels.

You collected 102 gold pieces.

Inventory:

Hand Weapons
 a - a +0 hand axe (weapon)
Armour
 b - a +0 cloak of preservation (worn)
 d - a +0 leather armour (worn)
 g - a +0 pair of boots (worn)


   Skills:
 - Level 4.0 Fighting
 + Level 5.5 Axes
 + Level 1.9 Armour
 + Level 2.8 Dodging
 - Level 2.0 Stealth
 + Level 0.3 Spellcasting
 + Level 0.2 Conjurations


You had 2 spell levels left.
You knew the following spells:

 Your Spells              Type           Power      Damage    Failure   Level
a - Magic Dart            Conj           0%         1d3       38%         1

Your spell library contained the following spells:

 Spells                   Type           Power      Damage    Failure   Level
 Call Imp                 Summ           0%         N/A       56%         2
 Mephitic Cloud           Conj/Pois/Air  0%         N/A       80%         3


Dungeon Overview and Level Annotations

Branches:
Dungeon (3/15)

Altars:

Annotations:
D:3 Natasha


Innate Abilities, Weirdness & Mutations

You possess an exceptional clarity of mind.
Your system is resistant to poisons. (rPois)


Message History

Press: ? - help, Shift-Dir - straight line, f/p - Natasha
Aim: Natasha (100% to hit)
You miscast Magic Dart.
Nothing appears to happen.
You are starting to lose your buoyancy.
Natasha stares at you and mumbles some strange words.
The magic dart hits you.
* * * LOW HITPOINT WARNING * * *
Natasha casts a spell.
You float gracefully downwards.
The crimson imp blinks!
The crimson imp blinks!
Natasha mumbles some strange words.
Natasha mumbles some strange words.
You feel troubled.
The crimson imp blinks!
Your magical contamination has completely faded away.
You hit Natasha.
Natasha is lightly wounded.
Natasha barely misses you.
You miss Natasha.
Natasha is lightly wounded.
Natasha claws you!
* * * LOW HITPOINT WARNING * * *
You closely miss Natasha.
Natasha is lightly wounded.
Natasha claws you but does no damage.
You miss Natasha.
Natasha is lightly wounded.
Natasha barely misses you.
You aren't carrying any potions.
As you read the scroll labelled JEB HELUHIR, it crumbles to dust.
You feel aware of your surroundings.
It was a scroll of magic mapping.
Natasha closely misses you.
As you read the scroll of teleportation, it crumbles to dust.
You feel strangely unstable. Natasha claws you but does no damage.
You slash Natasha!
Natasha is severely wounded.
Natasha casts a spell at you. The magic dart hits you.
You die...

#....# #5#########..# #.....#
5....# #...h...#....####.....###*
###### #######.#................,
#5#.....###........, #5#.....#
#........, #.#.....# #.####...,
#.#.....# #.#*,+...,
#.#..#..#*#.#*,*,..,
#.#@##..#,..#*,*,,,,
#.h.....#,###*,*****
####################.#,* *,,,,,,
.....................#,**********
####################.#,,,,,,,,,,,
...#<* #.#*********** ##.#,***
#.# #*,*,,,* #.#
#*,*,**************#.#


You could see Natasha.

Vanquished Creatures
  Natasha (D:3)
  An orc wizard (D:3)
  2 adders
  3 orcs (D:3)
  3 ball pythons
  5 endoplasms
  2 giant cockroaches
  4 goblins
  4 hobgoblins
  A quokka (D:3)
  2 bats
  4 frilled lizards
  4 kobolds
  3 rats
39 creatures vanquished.

Vanquished Creatures (others)
  6 plants (D:2)
6 creatures vanquished.

Grand Total: 45 creatures vanquished

Notes
Turn   | Place    | Note
-------+----------+-------------------------------------------
     0 | D:1      | Sweetruy1997 the Hill Orc Monk began the quest for the Orb.
     0 | D:1      | Reached XP level 1. HP: 19/19 MP: 1/1
   172 | D:1      | Reached XP level 2. HP: 20/27 MP: 2/2
   251 | D:1      | Found a faded altar of an unknown god.
   838 | D:2      | Identified a scroll of acquirement
   840 | D:2      | Acquired a +0 cloak of preservation
   898 | D:2      | Reached XP level 3. HP: 31/33 MP: 3/3
  1113 | D:2      | Learned a level 1 spell: Magic Dart
  1422 | D:3      | Reached skill level 5 in Axes
  1584 | D:3      | Noticed Natasha
  1585 | D:3      | Reached skill level 1 in Armour
  1588 | D:3      | Reached XP level 4. HP: 39/40 MP: 0/4
  1614 | D:3      | Gained mutation: You possess an exceptional clarity of
                  | mind. [potion of mutation]
  1614 | D:3      | Gained mutation: Your system is resistant to poisons.
                  | (rPois) [potion of mutation]
  1624 | D:3      | Killed Natasha
  1641 | D:3      | Noticed Natasha
  1679 | D:3      | Killed from afar by Natasha

Illustrated notes

Levels and vault maps discovered:
D:1:      heliophobic_arrival_ceremonial_halls, layout_basic,
          basic_ecumenical_altar
D:2:      layout_rooms, guppyfry_early_lair_pool
D:3:      layout_basic, grunt_decor_fettered, uniq_natasha

Skill      XL: |  1  2  3 |
---------------+----------+-----
Stealth        | 2 |  2.0
Fighting       | 4 |  4.0
Axes           | 5 |  5.5
Armour         | 1 |  1.9
Dodging        | |  2.8
Spellcasting   | |  0.3
Conjurations   | |  0.2

Action                   |  1- 3 |  4- 6 || total
-------------------------+-------+-------++-------
Melee: Hand axe          |   127 |    36 ||   163
 Cast: Magic Dart        |    10 |     1 ||    11
  Use: Scroll            |     3 |     2 ||     5
       Potion            |       |     3 ||     3
 Stab: Sleeping          |     3 |       ||     3
       Distracted        |     1 |       ||     1
Armor: Leather armour    |    37 |    10 ||    47
       Robe              |     2 |       ||     2
Dodge: Dodged            |    79 |    13 ||    92

Table legend: (Time is in decaauts)
 A = Elapsed time spent in this place.
 B = Non-inter-level travel time spent in this place.
 C = Inter-level travel time spent in this place.
 D = Time resting spent in this place.
 E = Time spent auto-exploring this place.
 F = Levels seen in this place.
 G = Mean time per level.
                   A        B        C        D        E       F      G
               +--------+--------+--------+--------+--------+-----+--------+
         Total |   1692 |   1659 |     33 |    121 |   1142 |   3 |  564.0 |
       Dungeon |   1692 |   1659 |     33 |    121 |   1142 |   3 |  564.0 |
               +--------+--------+--------+--------+--------+-----+--------+

Top non-repeatable levels by time:
     D:1: 757 daAuts
     D:2: 604 daAuts
     D:3: 330 daAuts
